 Dungeon Crawl Stone Soup version 0.18-a0-1343-g48c8f86 (webtiles) character file.

296 M4edhros the Insei (level 6, -5/47 HPs)
             Began as a Mummy Monk on Feb 16, 2016.
             Slain by an iguana (13 damage)
             ... on level 4 of the Dungeon.
             The game lasted 00:07:47 (5702 turns).

M4edhros the Insei (Mummy Monk)                     Turns: 5702, Time: 00:07:47

Health: -5/47      AC:  2    Str: 14    XL:     6   Next: 12%
Magic:  6/6        EV: 13    Int:  9    God:
Gold:   161        SH:  0    Dex: 17    Spells: 0 memorised, 5 levels left

rFire  x . .     SeeInvis .       - Unarmed
rCold  + . .     Gourm    .     (no armour)
rNeg   + + +     Faith    .     (no shield)
rPois  ∞         Spirit   .     h - +1 helmet
rElec  .         Dismiss  .     (no cloak)
rCorr  .         Reflect  .     (no gloves)
SustAt .         Harm     .     (no boots)
MR     .....                    (no amulet)
Stlth  ++........               (no ring)
                                (no ring)

@: not resistant to hostile enchantments, unstealthy
A: no food or potions, fire vulnerability, cold resistance 1, negative energy
resistance 3, torment resistance, unbreathing
a: no special abilities


You were on level 4 of the Dungeon.
You were not hungry.

You visited 1 branch of the dungeon, and saw 4 of its levels.

You collected 161 gold pieces.

Inventory:

Armour
 f - a +0 shield
 h - a +1 helmet (worn)
Jewellery
 c - an uncursed amulet of rage (quivered) {unknown}
Wands
 d - a wand of iceblast (10/15)
 m - a wand of iceblast (4/15)
Scrolls
 a - 3 scrolls of teleportation
 b - 2 scrolls of magic mapping
 e - 2 scrolls of noise
 g - a scroll of amnesia
 j - 2 scrolls of remove curse
 l - a scroll of recharging


   Skills:
 - Level 3.0 Fighting
 - Level 2.4 Dodging
 - Level 1.5 Stealth
 + Level 2.3 Shields
 * Level 5.5 Unarmed Combat


You had 5 spell levels left.
You didn't know any spells.

Dungeon Overview and Level Annotations

Branches:
Dungeon (4/15)
 Temple: D:4-7

Altars:
Cheibriados
Ru

Shops:
D:4 !


Innate Abilities, Weirdness & Mutations

You do not eat or drink.
Your flesh is vulnerable to fire.
You are immune to poison.
Your flesh is cold resistant.
You are immune to negative energy.
You are immune to unholy pain and torment.
You can survive without breathing.


Message History

You closely miss the iguana.
The iguana is almost dead.
The iguana completely misses you.
You hit the iguana.
The iguana is almost dead.
The iguana misses you.
You closely miss the iguana.
The iguana is almost dead.
The iguana bites you!
* * * LOW HITPOINT WARNING * * *
You see here a meat ration.
The iguana hisses menacingly.
An iguana comes into view.
The iguana misses you.
You punch the iguana!
The iguana is moderately wounded.
The iguana bites you!
* * * LOW HITPOINT WARNING * * *
The iguana bites you!
You die...

***,* #.########.... ##*,*
#......# #.### .##,***###
#.####.# #.# ..#,,,,..# #.#
#.###+## ..#****#.# #.##
#.##...## ..# ####.# ##..#
#.#[....# ..###.##.# ##...#
#........
%.##...#.#########....###........
...............l@l...............
..##...#.#########....###........
#####.#.#.# #.....# ##....... ##
####.## #.##### ##.....# .# #.#
#.# ####...## .# #.# #.# #......#
.# #.# ##.## #.###..# .# #.#
##.#.## #.# #..# %# #.#
##.###.#####.###..#


You could see 2 iguanas.

Vanquished Creatures
  2 hounds
  An iguana (D:4)
  Ijyb (D:3)
  An orc wizard (D:2)
  3 gnolls (D:3)
  5 adders
  An ooze (D:3)
  3 worms
  2 giant geckos
  8 orcs
  A giant cockroach (D:2)
  9 goblins
  8 hobgoblins
  2 jackals (D:2)
  4 quokkas
  4 ball pythons
  7 bats
  A giant gecko skeleton (D:4)
  3 giant newts
  A kobold (D:2)
  7 rats
74 creatures vanquished.

Vanquished Creatures (others)
  A giant cockroach (D:3)
1 creature vanquished.

Grand Total: 75 creatures vanquished

Notes
Turn   | Place    | Note
--------------------------------------------------------------
     0 | D:1      | M4edhros the Mummy Monk began the quest for the Orb.
     0 | D:1      | Reached XP level 1. HP: 18/18 MP: 1/1
   475 | D:1      | Reached XP level 2. HP: 18/24 MP: 2/2
  1614 | D:2      | Reached skill level 4 in Unarmed Combat
  1871 | D:2      | Reached XP level 3. HP: 10/29 MP: 3/3
  2561 | D:2      | Reached XP level 4. HP: 33/35 MP: 4/4
  2837 | D:3      | Reached skill level 1 in Shields
  3404 | D:3      | Found a snail-covered altar of Cheibriados.
  3556 | D:3      | Reached skill level 5 in Unarmed Combat
  3556 | D:3      | Reached XP level 5. HP: 41/41 MP: 5/5
  4045 | D:3      | Noticed Ijyb
  4390 | D:3      | Found a faded altar to an unknown god.
  4596 | D:3      | Killed Ijyb
  4665 | D:3      | Found a sacrificial altar of Ru.
  5073 | D:4      | Found Veunkeu's Distillery.
  5186 | D:4      | Reached XP level 6. HP: 44/47 MP: 6/6
  5702 | D:4      | Slain by an iguana

Vault maps used:
D:1:      eino_arrival_cavern_a, minmay_misc_feat_nine_boxes
D:2:      first_bread
D:3:      lemuel_round_altar, ecumenical_altar_1, nicolae_ru_path_of_blood,
          uniq_iyjb
D:4:      serial_shops, nicolae_shop_trees, st_stairs_14

Action                   |  1- 3 |  4- 6 || total
-------------------------+-------+-------++-------
Melee: Unarmed           |   119 |   229 ||   348
  Use: Scroll            |       |     7 ||     7
 Stab: Sleeping          |     2 |     8 ||    10
